 Dungeon Crawl Stone Soup version 0.21.1-1-g345015f (webtiles) character file.

161 Haldmier the Gusty (level 5, -1/29 HPs)
             Began as a Tengu Air Elementalist on Apr 9, 2018.
             Slain by a bullfrog (2 damage)
             ... in a sewer.
             The game lasted 00:13:35 (3282 turns).

Haldmier the Gusty (Tengu Air Elementalist)         Turns: 3282, Time: 00:13:36

Health: -1/29      AC:  2    Str:  8    XL:     5   Next: 42%
Magic:  8/10       EV: 13    Int: 17    God:
Gold:   103        SH:  0    Dex: 14    Spells: 3/9 levels left

rFire    . . .     SeeInvis .   h - +0 short sword
rCold    . . .     Gourm    .   (no shield)
rNeg     . . .     Faith    .   a - +0 robe
rPois    .         Spirit   .   (helmet restricted)
rElec    .         Reflect  .   (no cloak)
rCorr    .         Harm     .   (no gloves)
MR       .....                  (boots unavailable)
Stlth    ++........             (no amulet)
HPRegen  0.09/turn              (no ring)
MPRegen  0.12/turn              (no ring)

@: about to teleport
A: beak, talons 3, able to fly 1
a: Fly


You were in a sewer.
You were not hungry.

You visited 1 branch of the dungeon, and saw 3 of its levels.
You also visited: Sewer.

You collected 103 gold pieces.

Inventory:

Hand Weapons
 f - a +0 dagger
 h - a +0 short sword (weapon)
Armour
 a - a +0 robe (worn)
 m - a +1 ring mail
Scrolls
 d - a scroll of teleportation
 g - 3 scrolls of remove curse
 i - 2 scrolls of enchant armour
 l - a scroll of identify {unknown}
 n - a scroll of fog {unknown}
 p - a scroll of blinking {unknown}
Potions
 e - a potion of degeneration {unknown}
 j - a potion of magic {unknown}
 o - a potion of invisibility {unknown}
 q - a potion of ambrosia {unknown}
Books
 b - a book of Air

   Spells                             Type                      Level
   a - Shock                          Conjuration/Air              1
   b - Swiftness                      Charms/Air                   2
   c - Static Discharge               Conjuration/Air              3
   d - Airstrike                      Air                          4
   e - Lightning Bolt                 Conjuration/Air              5
Comestibles
 c - 3 rations
 k - 8 chunks of flesh


   Skills:
 + Level 1.3 Fighting
 + Level 3.1 Dodging
 + Level 3.0 Stealth
 + Level 2.7 Spellcasting
 + Level 3.1 Conjurations
 + Level 4.8 Air Magic


You had 3 spell levels left.
You knew the following spells:

 Your Spells              Type           Power        Failure   Level  Hunger
a - Shock                 Conj/Air       ###.         3%          1    #......
b - Swiftness             Chrm/Air       ##......     10%         2    ##.....
c - Static Discharge      Conj/Air       ###.....     11%         3    ###....


Dungeon Overview and Level Annotations

Branches:
Dungeon (3/15)

Altars:
Dithmenos
Elyvilon


Innate Abilities, Weirdness & Mutations

You have a beak for a mouth.
You have claws for feet.
You can fly.


Message History

Press: ? - help, Shift-Dir - straight line, f/p - bullfrog
Aim: a bullfrog (lightly wounded)
The zap misses the bullfrog.
The bullfrog gives a loud, deep croak!
The bullfrog barely misses you. The bullfrog hits you!
* * * LOW HITPOINT WARNING * * *
Okay, then.
As you read the scroll labeled VATAOV UGOTUSU, it crumbles to dust.
You feel blessed for a moment.
It was a scroll of remove curse.
The bullfrog barely misses you.
As you read the scroll labeled JURUFF YDDE, it crumbles to dust.
It is a scroll of enchant armour.
Your ring mail glows green for a moment.
The bullfrog barely misses you. x2
As you read the scroll labeled ETYWETHR ULEST, it crumbles to dust.
You feel strangely unstable.
It was a scroll of teleportation.
The bullfrog hits you!
* * * LOW HITPOINT WARNING * * *
The bullfrog barely misses you. The bullfrog hits you.
You die...

# ≈≈≈.(≈≈≈≈≈≈≈≈≈.# #.# #
≈≈.!()≈≈≈≈≈≈≈≈.# #∩# #
≈≈≈.?≈≈≈≈≈≈≈≈≈.# #.# #
≈≈≈F.≈≈≈≈≈.≈≈≈.# #∩# #
≈≈≈≈≈≈≈≈≈≈.≈≈≈.# #.# #
≈≈≈≈≈≈≈≈≈≈.≈≈≈÷# #.# #
≈≈≈≈≈≈≈≈≈≈.≈≈≈.###≈## #
≈≈≈≈≈≈≈≈≈#FF≈≈.##...# #
#≈≈≈≈≈≈≈≈#@≈≈≈.##≈÷≈# #
##≈≈≈≈≈###.≈≈≈.##≈≈.# #
###### #.≈≈≈.##≈≈.# #
#.≈≈≈≈##≈≈≈# # #≈≈≈≈.##≈÷≈#
################≈≈≈≈≈##≈≈≈##
....≈.≈..≈≈≈..≈≈.≈≈≈≈≈.≈≈..#
≈≈≈≈≈≈≈≈≈≈≈≈≈≈≈≈≈≈≈≈≈≈≈≈≈≈.#
≈≈≈≈≈≈≈≈≈≈≈≈≈≈≈≈≈≈≈≈≈≈≈≈≈≈.#


You could see 2 bullfrogs.

Vanquished Creatures
  Robin (D:2)
  6 adders
  A worm (D:2)
  2 dart slugs
  6 leopard geckos
  An orc (D:2)
  6 giant cockroaches
  14 goblins
  13 hobgoblins
  6 kobolds
  A quokka (D:3)
  2 ball pythons
  4 bats
  10 frilled lizards
  9 rats
82 creatures vanquished.

Notes
Turn   | Place    | Note
-------+----------+-------------------------------------------
     0 | D:1      | Haldmier the Tengu Air Elementalist began the quest for the Orb.
     0 | D:1      | Reached XP level 1. HP: 10/10 MP: 4/4
   193 | D:1      | Reached XP level 2. HP: 15/15 MP: 3/6
   969 | D:1      | Reached XP level 3. HP: 19/19 MP: 5/7
  1166 | D:1      | Learned a level 2 spell: Swiftness
  1170 | D:1      | Learned a level 3 spell: Static Discharge
  1955 | D:2      | Found a white marble altar of Elyvilon.
  1956 | D:2      | Found a shadowy altar of Dithmenos.
  1957 | D:2      | Reached XP level 4. HP: 24/24 MP: 6/8
  2050 | D:2      | Noticed Robin
  2255 | D:2      | Killed Robin
  2473 | D:3      | Reached skill level 1 in Fighting
  2724 | D:3      | Gained mutation: You can fly. [Tengu growth]
  2724 | D:3      | Reached XP level 5. HP: 29/29 MP: 5/9
  2767 | D:3      | Found a glowing drain.
  2771 | Sewer    | Entered a sewer
  3282 | Sewer    | HP: 1/29 [bullfrog (7)]
  3282 | Sewer    | Slain by a bullfrog

Skill      XL: |  1  2  3  4  5 |
---------------+----------------+-----
Conjurations   | 2 3 |  3.1
Fighting       | 1 |  1.3
Dodging        | 3 |  3.1
Stealth        | 3 |  3.0
Spellcasting   | |  2.7
Air Magic      | |  4.8

Action                   |  1- 3 |  4- 6 || total
-------------------------+-------+-------++-------
Melee: Short sword       |       |     2 ||     2
       Unarmed           |       |     2 ||     2
       Kick              |       |     2 ||     2
       Peck              |       |     2 ||     2
 Cast: Shock             |    80 |    88 ||   168
  Use: Scroll            |       |     3 ||     3
       Potion            |       |     1 ||     1
  Eat: Chunk             |     4 |     5 ||     9
Armor: Robe              |     2 |     4 ||     6
Dodge: Dodged            |     8 |    24 ||    32
